 Dungeon Crawl Stone Soup version 0.19-a0-1856-g32653aa (webtiles) character file.

45 Ryco the Firebug (level 3, -2/19 HPs)
             Began as a Deep Elf Fire Elementalist on Oct 11, 2016.
             Slain by a hound (4 damage)
             ... on level 3 of the Dungeon.
             The game lasted 00:05:15 (480 turns).

Ryco the Firebug (Deep Elf Fire Elementalist)        Turns: 480, Time: 00:05:16

Health: -2/19      AC:  2    Str:  5    XL:     3   Next: 42%
Magic:  2/10       EV: 13    Int: 20    God:
Gold:   57         SH:  0    Dex: 15    Spells: 2 memorised, 5 levels left

rFire  . . .     SeeInvis .     d - +0 dagger
rCold  . . .     Gourm    .     a - +0 robe
rNeg   . . .     Faith    .     (no shield)
rPois  .         Spirit   .     (no helmet)
rElec  .         Dismiss  .     (no cloak)
rCorr  .         Reflect  .     (no gloves)
MR     .....     Harm     .     (no boots)
Stlth  ++........               (no amulet)
                                (no ring)
                                (no ring)

@: no status effects
A: no striking features
a: no special abilities


You were on level 3 of the Dungeon.
You were not hungry.

You visited 1 branch of the dungeon, and saw 3 of its levels.

You collected 57 gold pieces.

Inventory:

Hand Weapons
 d - a +0 dagger (weapon)
Armour
 a - a +0 robe (worn)
Scrolls
 g - a scroll of identify {unknown}
 h - a scroll of remove curse {unknown}
 i - a scroll of teleportation {unknown}
Potions
 e - 2 potions of curing {unknown}
 f - a potion of might {unknown}
 j - a potion of lignification {unknown}
 k - a potion of mutation {unknown}
Books
 b - a book of Flames

   Spells                             Type                      Level
   a - Flame Tongue                   Conjuration/Fire             1
   b - Throw Flame                    Conjuration/Fire             2
   c - Conjure Flame                  Conjuration/Fire             3
   d - Inner Flame                    Hexes/Fire                   3
   e - Sticky Flame                   Conjuration/Fire             4
   f - Fireball                       Conjuration/Fire             5
Comestibles
 c - a bread ration


   Skills:
 + Level 2.9 Dodging
 - Level 2.4 Stealth
 + Level 3.7 Spellcasting
 * Level 1.1 Conjurations
 + Level 4.2 Fire Magic


You had 5 spell levels left.
You knew the following spells:

 Your Spells              Type           Power        Failure   Level  Hunger
a - Flame Tongue          Conj/Fire      ##...        4%          1    None
c - Conjure Flame         Conj/Fire      ##......     14%         3    ###....


Dungeon Overview and Level Annotations

Branches:
Dungeon (3/15)

Altars:

Annotations:
D:3 Jessica


Message History

Confirm with . or Enter, or press ? or * to list all spells.
Aiming: Flame Tongue
Press: ? - help, Shift-Dir - straight line, f/p - hound
Aim: a hound (moderately wounded)
The flame tongue misses the hound.
The hound barely misses you. The hound closely misses you. x2
There is a stone staircase leading up here.
The hound barely misses you.
Found 14 gold pieces.
Casting: Flame Tongue
Confirm with . or Enter, or press ? or * to list all spells.
Aiming: Conjure Flame
Press: ? - help, Dir - move target cursor, p - hound The fire roars!
The hound bites you.
The orc priest calls down the wrath of Beogh upon you.
Beogh smites you!
Ouch! That really hurt!
* * * LOW HITPOINT WARNING * * *
The hound bites you.
You die...

.. ........##...##
... .......o......##
##.##
................
.....
............##..
.%.... ...........##
#. ....#
............
#..########........
#.o§##........#....
###h@.......?.#.#.##
#.............. ...#
#............
#......######
#......# #......#
#....... #.....$#


You could see a hound and an orc priest.

Vanquished Creatures
  2 adders (D:2)
  An ooze (D:1)
  A worm (D:2)
  2 dart slugs
  A ball python (D:1)
  3 giant cockroaches (D:2)
  A goblin (D:1)
  A hobgoblin (D:2)
  A quokka (D:2)
  A bat (D:2)
  2 kobolds
16 creatures vanquished.

Notes
Turn   | Place    | Note
-------+----------+-------------------------------------------
     0 | D:1      | Ryco the Deep Elf Fire Elementalist began the quest for the Orb.
     0 | D:1      | Reached XP level 1. HP: 10/10 MP: 6/6
    15 | D:2      | Reached XP level 2. HP: 9/15 MP: 1/8
   160 | D:2      | Reached skill level 4 in Fire Magic
   232 | D:1      | Reached XP level 3. HP: 14/19 MP: 1/10
   237 | D:1      | Learned a level 3 spell: Conjure Flame
   279 | D:2      | Found a faded altar of an unknown god.
   324 | D:3      | Noticed an ogre
   336 | D:3      | Noticed a bullfrog
   337 | D:3      | Noticed Jessica
   480 | D:3      | Slain by a hound

Vault maps used:
D:1:      minmay_arrival_open_corners, corexii_leaking_fountain, st_stairs_6
D:2:      lemuel_blue_sif_altar, first_bread, ecumenical_altar_1
D:3:      lemuel_crystal_altar, nicolae_dithmenos_shadow_blocks, uniq_jessica

Skill      XL: |  1  2 |
---------------+-------+-----
Fire Magic     | 4 |  4.2
Dodging        | |  2.9
Stealth        | |  2.4
Spellcasting   | |  3.7
Conjurations   | |  1.1

Action                   || total
-------------------------++-------
Melee: Dagger            ||    23
 Cast: Flame Tongue      ||    35
       Conjure Flame     ||     4
 Stab: Sleeping          ||     1
Armor: Robe              ||     4
Dodge: Dodged            ||    35
